 Dungeon Crawl Stone Soup version 0.28.0-1-gb440e238dd (webtiles) character file.

Game seed: 18048544645943626147

19 issech the Cudgeller (level 2, -3/29 HPs)
             Began as a Troll Monk on Feb 19, 2022.
             Killed from afar by Sigmund (7 damage)
             ... with a magic dart
             ... on level 2 of the Dungeon.
             The game lasted 00:03:49 (894 turns).

issech the Cudgeller (Troll Monk)                    Turns: 894, Time: 00:03:51

Health: -3/29      AC:  4    Str: 18    XL:     2   Next: 55%
Magic:  1/1        EV: 10    Int:  6    God:
Gold:   64         SH:  0    Dex: 12    Spells: 1/1 levels left

rFire   . . .      SeeInvis .   c - +2 great mace (drain)
rCold   . . .      Faith    .   (shield currently unavailable)
rNeg    . . .      Spirit   .   b - +0 robe
rPois   .          Reflect  .   (helmet restricted)
rElec   .          Harm     .   (no cloak)
rCorr   .          Rampage  .   (gloves unavailable)
Will    .....                   (boots unavailable)
Stlth   ++........              (no amulet)
HPRegen 0.89/turn               (no ring)
MPRegen 0.07/turn               (no ring)

@: no status effects
A: large, unfitting armour, claws 3, regeneration 1, shaggy fur 1, tough skin 1
a: no special abilities


You were on level 2 of the Dungeon.
You visited 1 branch of the dungeon, and saw 2 of its levels.

You collected 64 gold pieces.

Inventory:

Hand Weapons
 a - a +0 mace
 c - a +2 great mace of draining (weapon)
Missiles
 e - 3 poisoned darts (quivered)
 f - 57 stones
 j - 21 arrows
Armour
 b - a +0 robe (worn)
Scrolls
 d - a scroll of teleportation
 i - a scroll of noise {unknown}
 k - a scroll of immolation {unknown}
Potions
 h - a potion of might {unknown}


   Skills:
 + Level 2.7 Fighting
 + Level 3.1 Maces & Flails
 + Level 2.6 Dodging
 + Level 1.0 Stealth


You had one spell level left.
You didn't know any spells.
Your spell library was empty.

Dungeon Overview and Level Annotations

Branches:
Dungeon (2/15)

Altars:

Annotations:
D:2 Sigmund


Innate Abilities, Weirdness & Mutations

You are too large for most types of armour.
You have claws for hands.
Your natural rate of healing is unusually fast.
You are covered in fur. (AC +1)
You have tough skin. (AC +1)


Message History

The endoplasm quivers.
The endoplasm barely misses you.
You hit the endoplasm.
The endoplasm is lightly wounded.
The endoplasm misses you. The endoplasm closely misses you.
You hit the endoplasm.
You kill the endoplasm!
Found 5 gold pieces.
You now have 64 gold pieces (gained 5).
Sigmund mumbles some strange words.
Sigmund flickers and vanishes!
Deactivating autopickup; reactivate with Ctrl-A.
Something hits you.
You hear some strange, mumbled words.
Something tries to affect you, but you resist.
You closely miss something. Something hits you but does no damage.
You hit something. Something hits you.
You hit something. Something hits you!
You barely miss something. Something hits you but does no damage.
You miss something. Something hits you.
You hit something.
You hear some strange, mumbled words.
A magic dart appears from out of thin air!
The magic dart hits you. Something hits you.
* * * LOW HITPOINT WARNING * * *
You closely miss something. Something hits you but does no damage.
You closely miss something. Something hits you.
* * * LOW HITPOINT WARNING * * *
You hear some strange, mumbled words.
A puff of flame appears from out of thin air!
The puff of flame hits you.
* * * LOW HITPOINT WARNING * * *
Found 9 gold pieces.
A magic dart appears from out of thin air!
The magic dart hits you.
* * * LOW HITPOINT WARNING * * *
You see here 9 gold pieces.
A magic dart appears from out of thin air!
The magic dart hits you!
You die...

..#.#
#......###.#.#.#.###.
###.#
#............#.......
.#
#>..##.###.......###.
..#..........#.......
##...##..##.####.#.###
##.###......<.....# #
#. ##.##.####...###
#.####.##.# #......
#..@.$..{.# #.#.###
######.#### #.#.###
#.# #....). #.#
###.... #.# ##### #.#
# #.# # #.# . #


There were no monsters in sight!

Vanquished Creatures
  4 endoplasms
  A goblin (D:1)
  3 hobgoblins (D:1)
  4 kobolds
  3 ball pythons (D:1)
  2 frilled lizards
  A rat (D:1)
18 creatures vanquished.

Notes
Turn   | Place    | Note
-------+----------+-------------------------------------------
     0 | D:1      | issech the Troll Monk began the quest for the Orb.
     0 | D:1      | Reached XP level 1. HP: 22/22 MP: 0/0
   143 | D:1      | Found a faded altar of an unknown god.
   268 | D:1      | Reached XP level 2. HP: 21/29 MP: 1/1
   331 | D:1      | Reached skill level 3 in Maces & Flails
   708 | D:2      | Noticed Sigmund
   823 | D:1      | Identified a scroll of acquirement
   823 | D:1      | Acquired a +2 great mace of draining
   894 | D:2      | Killed from afar by Sigmund

Illustrated notes

Levels and vault maps discovered:
D:1:      minmay_arrival_jagged, layout_basic,
          ebering_ecumenical_altar_abandoned
D:2:      layout_loops_ring, minmay_divided_ellipse, uniq_sigmund

Skill      XL: |  1  2 |
---------------+-------+-----
Maces & Flails | 3 |  3.1
Fighting       | |  2.7
Dodging        | |  2.6
Stealth        | |  1.0

Action                   || total
-------------------------++-------
Melee: Mace              ||    41
       Great mace        ||    10
  Use: Scroll            ||     2
Armor: Robe              ||    15
Dodge: Dodged            ||    21
